 Dungeon Crawl Stone Soup version 0.21.0-24-g2553a33 (webtiles) character file.

1704 Gorglomux the Covered (level 8, -2/76 HPs)
             Began as a Deep Dwarf Fighter on Jan 20, 2018.
             Was a Believer of Makhleb.
             Blown up by Joseph (15 damage)
             ... with a wand of disintegration (14)
             ... on level 8 of the Dungeon.
             The game lasted 00:03:22 (4768 turns).

Gorglomux the Covered (Deep Dwarf Fighter)          Turns: 4768, Time: 00:03:22

Health: -2/76      AC: 10    Str: 29    XL:     8   Next: 73%
Magic:  4/4        EV:  8    Int:  8    God:    Makhleb [**....]
Gold:   390        SH: 11    Dex: 12    Spells: 7/7 levels left

rFire    . . .     SeeInvis .   a - +0 war axe
rCold    . . .     Gourm    .   c - +0 shield
rNeg     . . .     Faith    .   b - +0 scale mail
rPois    .         Spirit   .   (no helmet)
rElec    .         Reflect  .   (no cloak)
rCorr    +         Harm     .   N - +0 pair of gloves (curse)
MR       +....                  K - +0 pair of boots
Stlth    ..........             (no amulet)
HPRegen  0.00/turn              j - +4 ring of strength
MPRegen  0.09/turn              g - ring of resist corrosion

@: non-regenerating
A: damage resistance, heal wounds, deterioration 1, sense surroundings 2, strong
1, no regeneration
a: Heal Wounds, Minor Destruction, Renounce Religion


You were on level 8 of the Dungeon.
You worshipped Makhleb.
Makhleb was pleased with you.
You were not hungry.

You visited 1 branch of the dungeon, and saw 8 of its levels.

You collected 390 gold pieces.

Inventory:

Hand Weapons
 a - a +0 war axe (weapon)
Armour
 b - a +0 scale mail (worn)
 c - a +0 shield (worn)
 K - a +0 pair of boots (worn)
 N - a cursed +0 pair of gloves (worn)
Jewellery
 g - a ring of resist corrosion (right hand)
 j - a +4 ring of strength (left hand)
 s - an uncursed ring of see invisible
Wands
 D - a wand of digging (15)
Scrolls
 i - a scroll of teleportation {unknown}
 m - 3 scrolls of magic mapping {unknown}
 n - 3 scrolls of enchant weapon {unknown}
 q - 2 scrolls of enchant armour {unknown}
 r - 4 scrolls of remove curse
 t - a scroll of random uselessness {unknown}
 v - a scroll of amnesia {unknown}
 x - 3 scrolls of blinking {unknown}
 y - 2 scrolls of identify {unknown}
 B - 3 scrolls of fog {unknown}
 F - a scroll of immolation {unknown}
 G - a scroll of silence {unknown}
Potions
 d - a potion of might
 k - a potion of invisibility {unknown}
 o - 2 potions of heal wounds {unknown}
 u - 2 potions of mutation
 z - a potion of degeneration {unknown}
 E - a potion of ambrosia {unknown}
 H - a potion of haste {unknown}
 J - a potion of brilliance {unknown}
 L - 2 potions of resistance
 Q - 5 potions of curing
Comestibles
 f - 13 rations
 R - 4 chunks of flesh


   Skills:
 + Level 5.7 Fighting
 + Level 6.4 Axes
 + Level 6.9 Armour
 + Level 6.9 Shields


You had 7 spell levels left.
You didn't know any spells.

Dungeon Overview and Level Annotations

Branches:
Dungeon (8/15)             Temple (0/1) D:4
   Lair: D:8-11

Altars:
Cheibriados
Hepliaklqana
Makhleb
Qazlal
Ru
Zin

Annotations:
D:8 Gorglomux's ghost, novice DDFi; Joseph


Innate Abilities, Weirdness & Mutations

You are resistant to damage.
You can heal yourself by infusing magical energy.
You passively map the area around you.
You do not regenerate.
Your body sometimes deteriorates upon taking damage.
Your muscles are strong. (Str +2)


Message History

Gorglomux's ghost butts moderately damaged!
You closely miss Joseph! Joseph barely misses you!
You block Gorglomux's ghost's attack!
You open Gorglomux's ghost like a pillowcase!!!!!!
Gorglomux's ghost is heavily damaged!
You closely miss Joseph! You block Joseph's attack!
You block Gorglomux's ghost's attack!
Gorglomux's ghost hits you but does no butt!
Joseph zaps a butt!
You are blasted!!!
You are too injured to fight recklessly!!!
You cut Joseph into ribbons!
Joseph is lightly wounded!
You slice Gorglomux's ghost like a ripe choko!!!
Gorglomux's ghost hits you!!! * * * butt't die
* * * You block Joseph's attack!
You fail to use your ability!
You block Butt's ghost's attack!
Joseph says, "Return every stolen item!!!"
Joseph zaps a wand!
You are blasted!!! rip

#.# * , ,
#####.##### .,
#.........# *, ..
#.........# .. ,
#.........#####.# ,
########.....%..#*,,
####..####****
####@...# *#..@W##)#
*, #..####*..# * #.
* #... , # * ,.... ,
** *, ......,, , *>
, ,...... * ,,
.....,,,, , ,, , **
, ,,, ,


You could see Joseph and Gorglomux's ghost.

Vanquished Creatures
  Edmund (D:4)
  Duvessa (D:7)
  A sky beast (D:7)
  2 ogres (D:4)
  A phantom (D:7)
  A centaur (D:7)
  The ghost of plantmann the Skirmisher, an amateur GrFi (D:3)
  2 scorpions
  Dowan (D:7)
  5 wights (D:7)
  A crimson imp (D:7)
  3 orc priests
  2 hounds
  A centaur skeleton (D:8)
  2 orc wizards
  Ijyb (D:4)
  Natasha (thrice) (D:4)
  4 worker ants
  A worker ant zombie (D:7)
  A howler monkey skeleton (D:7)
  4 adders
  A shadow imp (D:5)
  3 worms
  2 dart slugs
  3 leopard geckos
  18 orcs
  2 ball pythons
  7 bats
  2 giant cockroaches (D:2)
  7 goblins
  8 hobgoblins
  2 jackals (D:4)
  2 quokkas
  10 frilled lizards
  6 kobolds
  A quokka zombie (D:8)
  6 rats
119 creatures vanquished.

Notes
Turn   | Place    | Note
-------+----------+-------------------------------------------
     0 | D:1      | Gorglomux the Deep Dwarf Fighter began the quest for the Orb.
     0 | D:1      | Reached XP level 1. HP: 20/20 MP: 1/1
   380 | D:1      | Reached XP level 2. HP: 27/27 MP: 2/2
   916 | D:2      | Found a burning altar of Makhleb.
   984 | D:2      | Became a worshipper of Makhleb the Destroyer
  1089 | D:2      | Reached skill level 3 in Fighting
  1101 | D:2      | Reached XP level 3. HP: 30/34 MP: 3/3
  1407 | D:2      | Found a snail-covered altar of Cheibriados.
  1407 | D:2      | Found a hazy altar of Hepliaklqana.
  1408 | D:2      | Found a glowing silver altar of Zin.
  1459 | D:2      | Noticed an earth elemental
  1461 | D:2      | Found a stormy altar of Qazlal.
  1462 | D:2      | Noticed a water elemental
  1462 | D:2      | Noticed an air elemental
  1462 | D:2      | Noticed a fire elemental
  1640 | D:2      | Found a sacrificial altar of Ru.
  1844 | D:3      | Noticed plantmann's ghost (amateur GrFi)
  1864 | D:3      | Reached skill level 3 in Axes
  2032 | D:3      | Reached * piety under Makhleb
  2095 | D:3      | Reached XP level 4. HP: 26/42 MP: 3/3
  2597 | D:3      | HP: 2/42 [plantmann's ghost (12)]
  2598 | D:3      | Killed plantmann's ghost
  2598 | D:3      | Reached XP level 5. HP: 2/49 MP: 4/4
  2656 | D:4      | Noticed Edmund
  2663 | D:4      | Killed Edmund
  2663 | D:4      | Reached XP level 6. HP: 54/57 MP: 5/5
  2858 | D:4      | Noticed Natasha
  2862 | D:4      | Killed Natasha
  2915 | D:4      | Reached XP level 7. HP: 45/64 MP: 5/5
  2961 | D:4      | Noticed Natasha
  2965 | D:4      | Noticed Ijyb
  2973 | D:4      | Killed Natasha
  2979 | D:4      | Killed Ijyb
  2995 | D:4      | Found a staircase to the Ecumenical Temple.
  3097 | D:4      | Noticed Natasha
  3104 | D:4      | Killed Natasha
  3297 | D:5      | Entered Level 5 of the Dungeon
  3767 | D:6      | Reached ** piety under Makhleb
  4229 | D:7      | Reached skill level 6 in Armour
  4229 | D:7      | Reached skill level 6 in Shields
  4235 | D:7      | Reached XP level 8. HP: 56/74 MP: 6/6
  4292 | D:7      | Noticed Duvessa
  4294 | D:7      | Noticed Dowan
  4305 | D:7      | Killed Dowan
  4316 | D:7      | Killed Duvessa
  4318 | D:7      | Reached skill level 6 in Axes
  4740 | D:8      | Noticed Gorglomux's ghost (novice DDFi)
  4741 | D:8      | Noticed Joseph
  4759 | D:8      | Gained mutation: Your body sometimes deteriorates upon taking damage. [potion of mutation]
  4759 | D:8      | Gained mutation: Your muscles are strong. (Str +2) [potion of mutation]
  4759 | D:8      | Gained mutation: You passively map the area around you. [potion of mutation]
  4768 | D:8      | Blown up by Joseph

Skill      XL: |  1  2  3  4  5  6  7  8 |
---------------+-------------------------+-----
Fighting       | 3 4 5 |  5.7
Axes           | 3 4 5 6 |  6.4
Armour         | 4 5 6 |  6.9
Shields        | 4 5 6 |  6.9

Action                   |  1- 3 |  4- 6 |  7- 9 || total
-------------------------+-------+-------+-------++-------
Melee: War axe           |   170 |    76 |   239 ||   485
 Abil: Heal Wounds       |     2 |     5 |     4 ||    11
  Use: Scroll            |       |       |     1 ||     1
       Potion            |       |       |     2 ||     2
  Eat: Chunk             |     4 |     3 |     6 ||    13
Armor: Scale mail        |    85 |    15 |   125 ||   225
Dodge: Dodged            |    61 |    16 |    95 ||   172
Block: Shield            |   112 |    32 |   171 ||   315
